 Dungeon Crawl Stone Soup version 0.16.1-2-g95b8d4c (webtiles) character file.

98 Zugr the Changer (level 4, 0/38 HPs)
             Began as a Naga Transmuter on Mar 24, 2015.
             Slain by an adder (2 damage)
             ... on level 2 of the Dungeon.
             The game lasted 00:09:15 (3765 turns).

Zugr the Changer (Naga Transmuter)                  Turns: 3765, Time: 00:09:16

Health: 0/38       AC:  2    Str: 12    XL:     4   Next: 71%
Magic:  1/7        EV:  9    Int: 15    God:
Gold:   69         SH:  0    Dex: 11    Spells: 2 memorised, 3 levels left

rFire  . . .     SeeInvis +       - Unarmed
rCold  . . .     Clarity  .     l - +0 leather armour
rNeg   + . .     SustAb   .     (no shield)
rPois  +         Gourm    .     (helmet restricted)
rElec  .         Spirit   .     (no cloak)
rCorr  .         Warding  +     (no gloves)
rMut   .         Stasis   .     (no barding)
MR     .....                    o - amulet of warding
Stlth  +.........               (no ring)
                                (no ring)

@: appendage, very slightly contaminated, very slow, not resistant to hostile
enchantments, very unstealthy
A: spit poison, horns 2, see invisible, deformed body, poison resistance,
slowness 2, AC +1
a: Spit Poison, End Transformation


You were on level 2 of the Dungeon.
You were hungry.
You had grown temporary horns.
You visited 1 branch of the dungeon, and saw 2 of its levels.

You collected 69 gold pieces.

Inventory:

Missiles
 b - 40 arrows
Armour
 l - a +0 leather armour (worn)
Jewellery
 o - an amulet of warding (around neck)
Scrolls
 f - 4 scrolls of remove curse {unknown}
 g - a scroll of noise {unknown}
 j - a scroll of immolation {unknown}
 k - 2 scrolls of identify {unknown}
 m - 2 scrolls of enchant armour {unknown}
Potions
 e - 2 potions of lignification {unknown}
 h - a potion of restore abilities
 n - a potion of curing
 p - a potion of heal wounds {unknown}
 s - a potion of magic {unknown}
 t - a potion of invisibility {unknown}
Books
 d - a book of Changes

   Spells                             Type                      Level
   a - Beastly Appendage              Transmutation                1
   b - Sticks to Snakes               Transmutation                2
   c - Spider Form                    Transmutation/Poison         3
   d - Ice Form                       Ice/Transmutation            4
   e - Blade Hands                    Transmutation                5
Comestibles
 a - a bread ration
 c - a slice of pizza
 q - a meat ration


   Skills:
 - Level 1.0 Fighting
 - Level 1.5 Dodging
 - Level 3.0 Unarmed Combat
 - Level 2.0 Spellcasting
 + Level 4.7 Transmutations


You had 3 spell levels left.
You knew the following spells:

 Your Spells              Type           Power        Failure   Level  Hunger
a - Beastly Appendage     Trmt           ###...       4%          1    #......
b - Spider Form           Trmt/Pois      #.........   38%         3    ###....


Dungeon Overview and Level Annotations

Branches:
Dungeon (2/15)

Altars:
Makhleb
Xom


Innate Abilities, Weirdness & Mutations

You cannot wear boots.
You can spit poison.
Your serpentine skin is tough (AC +1).
You have supernaturally acute eyesight.
Armour fits poorly on your strangely shaped body.
Your system is resistant to poisons.
You cover ground very slowly.
You have a pair of horns on your head.


Message History

The adder bites you.
* * * LOW HITPOINT WARNING * * *
The adder bites you.
* * * LOW HITPOINT WARNING * * *
Casting: Spider Form
Confirm with . or Enter, or press ? or * to list all spells.
You don't have enough magic to cast that spell.
Casting: Spider Form
Confirm with . or Enter, or press ? or * to list all spells.
You grow a pair of large bovine horns.
The adder barely misses you.
You barely miss the adder.
The adder is lightly wounded.
The adder barely misses you.
You barely miss the adder.
The adder is lightly wounded.
The adder bites you but does no damage. The adder bites you.
* * * LOW HITPOINT WARNING * * *
The adder barely misses you. The adder bites you.
You die...

.# #.# #.... #....
.# . #.# 8.$..
#.... .# .≈.. #.#
.... #.... .#
..... #.# . #....
.# #..... #.#
#.... .# #..≈..
#.# ##### .#
#..... ###.## .#
..... #....# .#
#''####@##.# ## .#
#.....S.##.#######
##
##########......#
########


You could see an adder.

Vanquished Creatures
  Jessica (D:2)
  Robin (D:2)
  A giant mite (D:2)
  A worm (D:2)
  2 giant geckos
  An ooze (D:1)
  4 bats
  8 goblins
  6 hobgoblins (D:2)
  3 kobolds
  A quokka (D:2)
  2 giant cockroaches
  3 giant newts (D:2)
  15 jackals
  4 rats
53 creatures vanquished.

Notes
Turn   | Place    | Note
--------------------------------------------------------------
     0 | D:1      | Zugr, the Naga Transmuter, began the quest for the Orb.
     0 | D:1      | Reached XP level 1. HP: 18/18 MP: 3/3
   397 | D:1      | Reached XP level 2. HP: 11/25 MP: 2/4
  1465 | D:2      | Noticed Jessica
  1486 | D:2      | Killed Jessica
  1486 | D:2      | Reached XP level 3. HP: 14/31 MP: 4/6
  1700 | D:2      | Found a burning altar of Makhleb.
  1856 | D:2      | Reached skill level 4 in Transmutations
  2493 | D:2      | Reached XP level 4. HP: 22/38 MP: 7/7
  2840 | D:2      | Found a shimmering altar of Xom.
  3066 | D:2      | Learned a level 3 spell: Spider Form
  3216 | D:2      | Noticed Robin
  3232 | D:2      | Killed Robin
  3762 | D:2      | HP: 1/38 [adder (2)]
  3765 | D:2      | Slain by an adder

Action                   |  1- 3 |  4- 6 || total
-------------------------+-------+-------++-------
Melee: Unarmed           |   153 |    90 ||   243
 Cast: Beastly Appendage |    25 |    11 ||    36
       Spider Form       |       |     2 ||     2
  Use: Potion            |       |     3 ||     3
  Eat: Chunk             |     5 |     4 ||     9
       Fruit             |       |     1 ||     1
